 Dungeon Crawl Stone Soup version 0.28-a0-1524-ge72afd5fc6 (webtiles) character file.

Game seed: 10278529620522473654

137 knot the Chopper (level 5, 41/41 HPs)
             Began as a Demonspawn Berserker on Jan 18, 2022.
             Was a Believer of Trog.
             Quit the game on level 4 of the Dungeon.
             The game lasted 00:03:54 (2902 turns).

knot the Chopper (Demonspawn Berserker)             Turns: 2902, Time: 00:03:55

Health: 41/41      AC:  8    Str: 23    XL:     5   Next: 0%
Magic:  5/5        EV: 11    Int: 11    God:    Trog [**....]
Gold:   88         SH:  5    Dex: 12    Spells: 4/4 levels left

rFire   . . .      SeeInvis .   s - +1 war axe (freeze)
rCold   . . .      Faith    .   (no shield)
rNeg    . . .      Spirit   .   e - +0 ring mail
rPois   .          Reflect  +   (no helmet)
rElec   .          Harm     .   (no cloak)
rCorr   .          Rampage  .   (no gloves)
Will    .....                   o - +0 pair of boots
Stlth   +.........              r - amulet of reflection
HPRegen 0.13/turn               f - +6 ring of strength
MPRegen 0.09/turn               (no ring)

@: no status effects
A: yellow scales 1, powered by death 1
a: Renounce Religion, Berserk, Trog's Hand


You were on level 4 of the Dungeon.
You worshipped Trog.
Trog was pleased with you.
You visited 1 branch of the dungeon, and saw 4 of its levels.

You collected 88 gold pieces.

Inventory:

Hand Weapons
 s - a +1 war axe of freezing (weapon)
Missiles
 b - 3 poisoned darts
 c - 68 stones (quivered)
Armour
 e - a +0 ring mail (worn)
 o - a +0 pair of boots (worn)
Jewellery
 f - a +6 ring of strength (left hand)
 r - an amulet of reflection (around neck)
Scrolls
 d - a scroll of brand weapon {unknown}
 g - a scroll of enchant armour {unknown}
 i - 2 scrolls of magic mapping {unknown}
 j - 3 scrolls of fear {unknown}
 l - a scroll of blinking {unknown}
 n - 2 scrolls of enchant weapon {unknown}
 p - 3 scrolls of teleportation {unknown}
Potions
 a - a potion of heal wounds {unknown}
 h - 3 potions of attraction {unknown}
 k - a potion of haste {unknown}
 m - a potion of might {unknown}
 q - a potion of flight {unknown}


   Skills:
 - Level 3.0 Fighting
 * Level 4.5 Axes
 * Level 2.2 Throwing
 - Level 1.7 Armour
 - Level 1.7 Dodging


You had 4 spell levels left.
You didn't know any spells.
Your spell library contained the following spells:

 Spells                   Type           Power      Damage    Failure   Level
 Sublimation of Blood     Necr           0%         N/A       63%         2
 Wereblood                Tmut           0%         N/A       63%         2
 Summon Hydra             Summ           0%         N/A       100%        7


Dungeon Overview and Level Annotations

Branches:
Dungeon (4/15)
 Temple: D:4-7

Altars:

Shops:
D:2 [


Innate Abilities, Weirdness & Mutations

You are partially covered in yellow scales. (AC +2)
You regenerate a little health from kills.


Message History

Throw: 74 stones
Press: ? - help, Q - select action, (/) - cycle Shift-Dir - straight line, f - jelly
Aim: a jelly (89% to hit)
You throw a stone. The stone hits the jelly.
The jelly is lightly wounded.
Throw: 73 stones
Press: ? - help, Q - select action, (/) - cycle Shift-Dir - straight line, f/p - jelly
Aim: a jelly (lightly wounded, 89% to hit)
You throw a stone. The stone hits the jelly.
The jelly is moderately wounded.
Throw: 72 stones
Press: ? - help, Q - select action, (/) - cycle Shift-Dir - straight line, f/p - jelly
Aim: a jelly (moderately wounded, 89% to hit)
You throw a stone.
The stone hits the jelly but does no damage.
The jelly is moderately wounded.
The jelly jiggles.
Throw: 71 stones
Press: ? - help, Q - select action, (/) - cycle Shift-Dir - straight line, f/p - jelly
Aim: a jelly (moderately wounded, 89% to hit)
You throw a stone. The stone hits the jelly.
The jelly is moderately wounded.
Throw: 70 stones
Press: ? - help, Q - select action, (/) - cycle Shift-Dir - straight line, f/p - jelly
Aim: a jelly (moderately wounded, 89% to hit)
You throw a stone. The stone hits the jelly.
The jelly is heavily wounded.
Throw: 69 stones
Press: ? - help, Q - select action, (/) - cycle Shift-Dir - straight line, f/p - jelly
Aim: a jelly (heavily wounded, 89% to hit)
You throw a stone. The stone hits the jelly.
The jelly is heavily wounded.
You slash the jelly! You freeze the jelly.
You kill the jelly!
Trog accepts your kill.
Your Throwing skill increases to level 2!
You have reached level 5!
Your demonic ancestry asserts itself...
Yellow scales grow over part of your body.
Are you sure you want to abandon this character and quit the game? (Confirm with "yes".)

#.......(..
#......(...
###.....()...
#.......(....
......(... <
#...(.. ...
#....#.....
#..@......#
#....####..
#....# #....#
######


There were no monsters in sight!

Vanquished Creatures
  A jelly (D:4)
  4 adders (D:3)
  2 worms (D:2)
  A dart slug (D:3)
  An orc (D:3)
  7 endoplasms
  2 giant cockroaches (D:2)
  5 goblins
  7 hobgoblins
  5 jackals (D:2)
  4 quokkas
  6 ball pythons
  5 bats
  3 frilled lizards
  A kobold (D:1)
  4 rats
58 creatures vanquished.

Vanquished Creatures (others)
  2 fungi (D:1)
  4 plants (D:1)
6 creatures vanquished.

Grand Total: 64 creatures vanquished

Notes
Turn   | Place    | Note
-------+----------+-------------------------------------------
     0 | D:1      | knot the Demonspawn Berserker began the quest for the Orb.
     0 | D:1      | Reached XP level 1. HP: 18/18 MP: 1/1
    33 | D:1      | Reached skill level 3 in Axes
   347 | D:1      | Gained mutation: You regenerate a little health from kills.
                  | [demonic ancestry]
   347 | D:1      | Reached XP level 2. HP: 24/24 MP: 2/2
   354 | D:1      | Found a faded altar of an unknown god.
   727 | D:1      | Reached ** piety under Trog
   994 | D:2      | Reached XP level 3. HP: 29/29 MP: 3/3
  1137 | D:2      | Found Gamaatou's Antique Armour Boutique.
  1384 | D:2      | Reached skill level 4 in Axes
  1496 | D:2      | Reached skill level 1 in Throwing
  2024 | D:3      | Reached XP level 4. HP: 35/35 MP: 4/4
  2902 | D:4      | Gained mutation: You are partially covered in yellow
                  | scales. (AC +2) [demonic ancestry]
  2902 | D:4      | Reached XP level 5. HP: 41/41 MP: 5/5
  2902 | D:4      | Quit the game

Illustrated notes

Levels and vault maps discovered:
D:1:      eino_arrival_tree_alley, layout_basic,
          shapermc_ecumenical_altar_mp_ritualfount, minmay_tree_intersection,
          minmay_surrounded
D:2:      layout_basic, serial_shops, shop_fountains
D:3:      layout_loops_ring, kennysheep_generic_room_7
D:4:      layout_rooms, ebering_ghost_gozag, minmay_box_of_dots

Skill      XL: |  1  2  3  4 |
---------------+-------------+-----
Axes           | 3 4 |  4.5
Throwing       | 1 2 |  2.2
Fighting       | |  3.0
Armour         | |  1.7
Dodging        | |  1.7

Action                   |  1- 3 |  4- 6 || total
-------------------------+-------+-------++-------
Melee: Hand axe          |   123 |    36 ||   159
       Punch             |     3 |       ||     3
       War axe           |       |     2 ||     2
Throw: Stone             |     5 |     6 ||    11
       Dart              |     3 |       ||     3
Invok: Berserk           |     2 |       ||     2
Armor: Animal skin       |     3 |       ||     3
       Ring mail         |    39 |     7 ||    46
Dodge: Dodged            |    65 |    24 ||    89

Table legend: (Time is in decaauts)
 A = Elapsed time spent in this place.
 B = Non-inter-level travel time spent in this place.
 C = Inter-level travel time spent in this place.
 D = Time resting spent in this place.
 E = Time spent auto-exploring this place.
 F = Levels seen in this place.
 G = Mean time per level.
                   A        B        C        D        E       F      G
               +--------+--------+--------+--------+--------+-----+--------+
         Total |   2946 |   2810 |    136 |    258 |   2111 |   4 |  736.5 |
       Dungeon |   2946 |   2810 |    136 |    258 |   2111 |   4 |  736.5 |
               +--------+--------+--------+--------+--------+-----+--------+

Top non-repeatable levels by time:
     D:3: 986 daAuts
     D:2: 982 daAuts
     D:1: 970 daAuts
     D:4: 8 daAuts
